 Dungeon Crawl Stone Soup version 0.29-a0-998-g1987434951 (webtiles) character file.

Game seed: 10959047600722037902

73726 enile the Thaumaturge (level 15, -1/123 HPs)
             Began as a Demonspawn Ice Elementalist on Aug 5, 2022.
             Was a High Priest of Makhleb.
             Slain by a sun demon (26 damage)
             ... led by a balrug
             ... on level 1 of the Abyss.
             The game lasted 01:11:19 (29218 turns).

enile the Thaumaturge (DsIE)                       Turns: 29218, Time: 01:11:19

Health: -1/123     AC:  5    Str: 10    XL:     15   Next: 4%
Magic:  32/32      EV: 18    Int: 28    God:    Makhleb [*****.]
Gold:   1107       SH:  0    Dex: 19    Spells: 17/41 levels left

rFire   + . .      SeeInvis .   Q - +6 great sword (spect)
rCold   . . .      Faith    .   (shield currently unavailable)
rNeg    + + .      Spirit   .   c - +2 robe {Will+}
rPois   .          Reflect  .   (no helmet)
rElec   .          Harm     .   (no cloak)
rCorr   .          Rampage  .   (no gloves)
Will    ++...      Archmagi +   I - +0 pair of boots of Immorality {rN++ Dex+5}
Stlth   +++.......              (no amulet)
HPRegen 0.30/turn               v - ring of protection from fire
MPRegen 0.23/turn               U - ring of the Mage {Wiz Archmagi}

@: no status effects
A: hooves 2, foul stench 1, icemail 1, big brain 3, condensation shield
a: Renounce Religion, Minor Destruction, Lesser Servant of Makhleb, Major
Destruction, Greater Servant of Makhleb


You were on level 1 of the Abyss.
You worshipped Makhleb.
Makhleb was extremely pleased with you.
You visited 2 branches of the dungeon, and saw 17 of its levels.
You visited the Abyss 1 time.
You also visited: Sewer and Bailey.

You collected 1366 gold pieces.
You spent 259 gold pieces at shops.

Inventory:

Hand Weapons
 g - a +0 short sword of draining
 K - a +2 scimitar of flaming
 Q - a +6 spectral great sword (weapon)
Missiles
 p - 146 stones
 u - 31 poisoned darts
Armour
 a - a +0 robe
 c - a +2 robe of willpower (worn)
 r - a +2 ring mail of poison resistance
 x - a +1 buckler
 I - the +0 pair of boots of Immorality (worn) {rN++ Dex+5}
   (You found it on level 7 of the Dungeon)

   Dex:       It affects your dexterity (+5).
   rN:        It greatly protects you from negative energy.
 N - a +2 pair of boots
 O - a +2 robe of fire resistance
 W - a +2 robe of cold resistance
Magical Staves
 t - a staff of fire
 Y - a staff of cold
Jewellery
 k - a ring of see invisible
 v - a ring of protection from fire (left hand)
 P - a ring of resist corrosion
 U - the ring of the Mage (right hand) {Wiz Archmagi}
   (You acquired it in a bailey)

   [ring of wizardry]

   It improves your spell success rate.
   Archmagi:  It increases the power of your magical spells.
Wands
 d - a wand of mindburst (8)
 e - a wand of roots (7)
 y - a wand of flame (9)
 B - a wand of charming (3)
 S - a wand of polymorph (6)
Scrolls
 b - a scroll of vulnerability
 f - a scroll of magic mapping
 h - 3 scrolls of noise
 l - 4 scrolls of amnesia
 o - 2 scrolls of fear (quivered)
 A - 3 scrolls of blinking
 E - 6 scrolls of fog
 G - 4 scrolls of enchant armour
 L - 2 scrolls of torment
 X - a scroll of identify
 Z - a scroll of poison
Potions
 j - 2 potions of haste
 m - 4 potions of curing
 n - a potion of flight
 q - 2 potions of lignification
 s - 3 potions of resistance
 w - 2 potions of brilliance
 z - 3 potions of might
 C - 6 potions of magic
 D - 2 potions of berserk rage
 H - 6 potions of attraction
 J - 2 potions of degeneration
 M - a potion of cancellation
 T - a potion of heal wounds
Miscellaneous
 R - a lightning rod (3/4)
 V - a phial of floods (inert)


   Skills:
 - Level 13.0 Fighting
 - Level 3.0(6.2) Short Blades
 - Level 8.7(9.0) Long Blades
 - Level 3.0 Throwing
 - Level 9.0 Dodging
 - Level 6.0 Stealth
 - Level 3.0 Shields
 - Level 13.5 Spellcasting
 - Level 6.0 Ice Magic
 + Level 11.1 Invocations
 - Level 5.0 Evocations


You had 17 spell levels left.
You knew the following spells:

 Your Spells              Type           Power      Damage    Failure   Level
a - Hailstorm             Conj/Ice       52%        3d12      2%          4
b - Frozen Ramparts       Ice            100%       1d18      1%          3
c - Ozocubu's Armour      Ice            68%        N/A       1%          3
d - Freeze                Ice            100%       1d11      1%          1
e - Inner Flame           Hex/Fire       28%        N/A       2%          3
f - Passwall              Tmut/Erth      23%        N/A       1%          2
g - Dispel Undead         Necr           28%        3d13      8%          4
h - Cause Fear            Hex            14%        N/A       8%          4

Your spell library contained the following spells:

 Spells                   Type           Power      Damage    Failure   Level
 Apportation              Tloc           56%        N/A       1%          1
 Necrotise                Necr           100%       1d9       1%          1
 Sting                    Tmut/Pois      100%       1d8       1%          1
 Ensorcelled Hibernation  Hex/Ice        100%       N/A       1%          2
 Static Discharge         Conj/Air       28%        3-7/arc   1%          2
 Spider Form              Tmut/Pois      28%        N/A       2%          3
 Vampiric Draining        Necr           28%        2d8       2%          3
 Anguish                  Hex/Necr       14%        N/A       8%          4
 Animate Armour           Summ/Erth      56%        N/A       8%          4
 Fulminant Prism          Conj/Hex       14%        3d9       8%          4
 Iskenderun's Mystic Bla  Conj/Tloc      28%        2d7       8%          4
 Sticky Flame             Conj/Fire      28%        2d5       8%          4
 Agony                    Necr           28%        N/A       21%         5
 Alistair's Intoxication  Tmut/Pois      18%        N/A       21%         5
 Lee's Rapid Deconstruct  Erth           14%        3d10*     21%         5
 Iron Shot                Conj/Erth      14%        9d4       69%         6
 Discord                  Hex            14%        N/A       100%        8


Dungeon Overview and Level Annotations

Branches:
Dungeon (12/15)            Temple (0/1) D:7            Lair (5/5) D:11
  Swamp (0/4) Lair:2        Snake (0/4) Lair:2        Slime (0/5) Lair:4
  Sewer (visited)          Bailey (visited)
    Orc: D:9-12

Altars:
Cheibriados
Dithmenos
Makhleb
Nemelex Xobeh
Okawaru
Ru
Trog
Xom
Jiyva
Lugonu

Shops:
D:7 ?

Portals:
Abyss: Lair:5

Annotations:
D:3 exclusion: 2 downstairs
D:5 exclusion: upstairs
D:10 exclusion: downstairs
D:12 1 runed translucent door, Astroef's ghost, journeyman DsFi; Sonja


Innate Abilities, Weirdness & Mutations

You have hoof-like feet.
You may rarely emit foul miasma when damaged in melee.
A meltable icy envelope protects you from harm. (AC +0)
You have an absolutely massive brain. (Int +6, Wiz)
A meltable shield of frost defends you. (SH +0)


Message History

The cyan very ugly thing shocks your smoke demon!!
A smoke demon comes into view.
A hellwing comes into view.
Okay, then.
The grasping roots constrict the cyan very ugly thing!
Your ufetubus hits the cyan very ugly thing but does no damage. x2
Your smoke demon gestures at the cyan very ugly thing.
The sticky flame hits the cyan very ugly thing!
The cyan very ugly thing is covered in liquid flames!
The cyan very ugly thing struggles to escape constriction.
The smoke demon gestures at you. The ball of steam hits you.
* * * LOW HITPOINT WARNING * * *
The grasping roots constrict the cyan very ugly thing.
The cyan very ugly thing burns!
The roots release their grip on the cyan very ugly thing.
Your ufetubus barely misses the cyan very ugly thing.
Your ufetubus closely misses the cyan very ugly thing.
Your ufetubus hits the cyan very ugly thing.
Your ufetubus misses the cyan very ugly thing.
You feel much better.
You are engulfed in a cloud of scalding steam.
The sun demon hits you!
You are engulfed in flames!
* * * LOW HITPOINT WARNING * * *
You're wearing all the rings you can.
Remove which one? (? for menu, Esc to cancel) < or
k - a ring of see invisible > or
U - the ring of the Mage {Wiz Archmagi} You remove your ring of see invisible.
You are engulfed in a cloud of scalding steam.
Your ufetubus barely misses the cyan very ugly thing.
Your ufetubus closely misses the cyan very ugly thing.
Your ynoxinul is engulfed in a cloud of scalding steam.
v - a ring of protection from fire (left hand)
The cyan very ugly thing burns!
The sun demon barely misses you.
A demon appears!
The cyan very ugly thing burns!
The cyan very ugly thing stings your ynoxinul.
The cyan very ugly thing shocks your ynoxinul!
Your ynoxinul resists.
The sun demon hits you!!
You die...

... ....# .# # . # ## .
.... .##. ..## #
####.##.## .# #.# #..§.
#.. .#.# ## ##...# #.##
. ..# ######...# #.. ..
. # ............. #.# ..
# # ....
.....5##§###.####
..........3.u3§3@......+
.. ......#...4#§#######
..............§#..#
...... .......##.# .
.#####.......# .. ... #
##...3# #.# . . .....4
.. ........ .## ......3.


You could see a cyan very ugly thing (burning, ally target), a sun demon (ally
target), a friendly orange demon (summoned), a friendly smoke demon (summoned),
a friendly ynoxinul (summoned) and a friendly ufetubus (summoned).

Vanquished Creatures
  A bone dragon (Abyss:1)
  An orc warlord (Bailey)
  Fannar (Lair:1)
  4 hydras
  2 boulder beetles
  An anaconda (shapeshifter) (Lair:5)
  2 catoblepae (Lair:3)
  A dancing weapon (Abyss:1)
  A two-headed ogre (D:12)
  3 thrashing horrors (Lair:5)
  2 wretched stars (Abyss:1)
  The ghost of kd29 the Nimble, a novice GnGl of Uskayaw (D:8)
  2 sixfirhies (Abyss:1)
  An orb spider (shapeshifter) (Lair:5)
  An oklob plant (Lair:5)
  A cyclops (D:12)
  2 ugly things
  2 manticores
  3 black mambas
  17 elephants
  2 torpor snails
  3 smoke demons
  2 gargoyles
  Maggie (D:10)
  13 cane toads
  5 large abominations
  A hellion (Abyss:1)
  4 rime drakes
  3 komodo dragons
  4 ancient zymes
  2 trolls (D:11)
  A hornet (Lair:3)
  4 polar bears
  4 raiju (Abyss:1)
  29 blink frogs
  8 slime creatures
  12 dream sheep (Lair:5)
  A wraith (D:11)
  4 ynoxinuls
  A spriggan (Lair:5)
  57 yaks
  12 basilisks
  8 wyverns
  4 chaos spawn
  3 golden eyes (Abyss:1)
  A steam dragon (D:6)
  5 vampire mosquitoes
  2 nagas (Lair:2)
  5 acid dragons
  Duvessa (D:6)
  4 hell hounds (Abyss:1)
  6 orc warriors
  21 water moccasins
  3 black bears
  An ice beast (D:8)
  24 wolves
  6 ogres
  A centaur (D:9)
  5 kobold brigands
  13 bullfrogs
  A gnoll sergeant (D:6)
  11 small abominations
  3 necrophages
  2 scorpions
  4 wights (D:6)
  Dowan (D:6)
  4 killer bees (D:10)
  2 howler monkeys (D:7)
  An electric eel (Lair:5)
  A quasit (Abyss:1)
  6 jellies
  A gnoll bouda (D:8)
  4 orc priests
  2 iguanas
  6 orc wizards
  13 hell rats
  Robin (D:4)
  9 adders
  27 gnolls
  2 shadow imps (D:7)
  3 white imps
  3 worms
  3 dart slugs
  38 orcs
  5 ball pythons
  5 bats
  6 endoplasms
  15 giant cockroaches
  15 hobgoblins
  4 jackals (D:4)
  27 kobolds
  8 quokkas
  8 frilled lizards (Sewer)
  25 goblins
  6 rats
607 creatures vanquished.

Vanquished Creatures (collateral kills)
  An ophan (Abyss:1)
  A two-headed ogre (D:11)
  Erica (D:9)
  A sun demon (Abyss:1)
  A shadow wraith (Abyss:1)
  Lodul (D:11)
  An elephant (Lair:4)
  A shadow (D:9)
  A wraith (D:9)
  2 ogres (D:11)
  A hell rat (Lair:1)
  A goblin (Bailey)
13 creatures vanquished.

Vanquished Creatures (others)
  An orc sorcerer (Abyss:1)
  An orc warrior (Bailey)
  2 bushes (Lair:1)
  44 fungi
  132 plants
  4 starspawn tentacles (Abyss:1)
  6 toadstools (Lair:3)
190 creatures vanquished.

Grand Total: 810 creatures vanquished

Notes
Turn   | Place    | Note
-------+----------+-------------------------------------------
     0 | D:1      | enile the Demonspawn Ice Elementalist began the quest for
                  | the Orb.
     0 | D:1      | Reached XP level 1. HP: 13/13 MP: 3/3
   214 | D:1      | Reached skill level 1 in Fighting
   571 | D:1      | Gained mutation: You have an unusually large brain. (Int
                  | +2) [demonic ancestry]
   571 | D:1      | Reached XP level 2. HP: 21/21 MP: 1/5
   719 | D:1      | Found a faded altar of an unknown god.
   973 | D:2      | Gained mutation: You have an extremely huge brain. (Int +4)
                  | [demonic ancestry]
   973 | D:2      | Reached XP level 3. HP: 16/27 MP: 1/6
   977 | D:2      | Learned a level 3 spell: Frozen Ramparts
  2532 | D:3      | Gained mutation: A meltable shield of frost defends you.
                  | (SH +0) [demonic ancestry]
  2532 | D:3      | Reached XP level 4. HP: 32/35 MP: 3/8
  3077 | D:3      | Found a shadowy altar of Dithmenos.
  3139 | D:3      | Learned a level 3 spell: Ozocubu's Armour
  3634 | D:4      | Noticed a necrophage
  3640 | D:4      | Killed a necrophage
  3641 | D:4      | Reached XP level 5. HP: 19/41 MP: 3/11
  3647 | D:4      | Noticed an ogre
  3860 | D:4      | Found a burning altar of Makhleb.
  3860 | D:4      | Noticed a balrug
  3868 | D:4      | Noticed a ynoxinul
  3868 | D:4      | Noticed a neqoxec
  3870 | D:4      | Became a worshipper of Makhleb the Destroyer
  3886 | D:4      | Found a shimmering altar of Xom.
  4651 | D:4      | Noticed Robin
  5134 | D:4      | Killed Robin
  5135 | D:4      | Gained mutation: You may rarely emit foul miasma when
                  | damaged in melee. [demonic ancestry]
  5135 | D:4      | Reached XP level 6. HP: 46/48 MP: 6/12
  5652 | D:5      | Entered Level 5 of the Dungeon
  5665 | D:5      | Noticed an ice beast
  5704 | D:6      | Reached skill level 5 in Fighting
  5810 | D:6      | Noticed a steam dragon
  5815 | D:6      | Reached * piety under Makhleb
  5822 | D:6      | Killed a steam dragon
  5823 | D:6      | Reached skill level 5 in Ice Magic
  5823 | D:6      | Gained mutation: You have an absolutely massive brain. (Int
                  | +6, Wiz) [demonic ancestry]
  5823 | D:6      | Reached XP level 7. HP: 56/56 MP: 4/13
  5898 | D:6      | Found a glowing drain.
  5926 | Sewer    | Entered a sewer
  6135 | Sewer    | Learned a level 4 spell: Hailstorm
  6822 | D:6      | Reached skill level 5 in Spellcasting
  6841 | D:6      | Reached XP level 8. HP: 56/62 MP: 15/15
  6860 | D:6      | Reached ** piety under Makhleb
  6880 | D:6      | Reached skill level 5 in Invocations
  7125 | D:6      | Noticed Duvessa
  7127 | D:6      | Noticed Dowan
  7138 | D:6      | Killed Duvessa
  7153 | D:6      | Killed Dowan
  7154 | D:6      | Reached skill level 1 in Short Blades
  7334 | D:6      | Reached skill level 1 in Shields
  7570 | D:6      | Found a sparkling altar of Nemelex Xobeh.
  7570 | D:6      | Found a faded altar of an unknown god.
  7578 | D:6      | Found a bloodstained altar of Trog.
  7580 | D:6      | Found a snail-covered altar of Cheibriados.
  7582 | D:6      | Found an iron altar of Okawaru.
  8056 | D:7      | Found a staircase to the Ecumenical Temple.
  8084 | D:7      | Found Sivurod's Magic Scroll Emporium.
  8088 | D:7      | Bought a scroll of teleportation for 42 gold pieces
  8088 | D:7      | Bought a scroll of enchant armour for 105 gold pieces
  8088 | D:7      | Bought a scroll of identify for 28 gold pieces
  8088 | D:7      | Bought a scroll of identify for 28 gold pieces
  8088 | D:7      | Bought a scroll of identify for 28 gold pieces
  8088 | D:7      | Bought a scroll of identify for 28 gold pieces
  8309 | D:7      | Identified the +0 pair of boots of Immorality {rN++ Dex+5}
  9223 | D:8      | Gained mutation: You have large cloven feet. [demonic
                  | ancestry]
  9223 | D:8      | Reached XP level 9. HP: 28/68 MP: 7/16
  9678 | D:8      | Reached skill level 5 in Evocations
  9847 | D:8      | Noticed kd29's ghost (novice GnGl)
  9851 | D:8      | Found a runed translucent door.
  9895 | D:8      | Reached *** piety under Makhleb
  9902 | D:8      | Reached skill level 5 in Dodging
 10658 | D:9      | Gained mutation: You have hoof-like feet. [demonic
                  | ancestry]
 10658 | D:9      | Reached XP level 10. HP: 73/74 MP: 17/19
 11152 | D:9      | Found a sacrificial altar of Ru.
 11548 | D:9      | Noticed Erica
 11559 | D:9      | Killed Erica
 11667 | D:9      | Identified the +0 plate armour of Fortitude {rPois rC+
                  | Dex+2}
 11991 | D:10     | Entered Level 10 of the Dungeon
 12034 | D:10     | Noticed Maggie
 12050 | D:10     | Killed Maggie
 12069 | D:10     | Found a flagged portal.
 12085 | Bailey   | Entered a bailey
 12401 | Bailey   | Reached **** piety under Makhleb
 12432 | Bailey   | Noticed an orc warlord
 12447 | Bailey   | Killed an orc warlord
 12535 | Bailey   | Acquired the ring of the Mage {Wiz Archmagi}
 12535 | Bailey   | Found the ring of the Mage {Wiz Archmagi}
 13214 | D:11     | Noticed a brown ugly thing
 13214 | D:11     | Noticed a gargoyle
 13221 | D:10     | Reached XP level 11. HP: 68/86 MP: 21/21
 13529 | D:11     | Killed a brown ugly thing
 13581 | D:11     | Reached skill level 5 in Long Blades
 13676 | D:11     | Reached ***** piety under Makhleb
 13947 | D:11     | Noticed a two-headed ogre
 13948 | D:11     | Found a staircase to the Lair.
 13963 | D:11     | Killed a two-headed ogre
 14013 | D:11     | Noticed Lodul
 14020 | Lair:1   | Entered Level 1 of the Lair of Beasts
 14612 | Lair:1   | Noticed Fannar
 14942 | Lair:1   | Killed Fannar
 15652 | Lair:2   | Reached skill level 10 in Invocations
 15807 | Lair:2   | Gained mutation: A meltable icy envelope protects you from
                  | harm. (AC +0) [demonic ancestry]
 15807 | Lair:2   | Reached XP level 12. HP: 55/95 MP: 14/22
 16071 | Lair:2   | Learned a level 3 spell: Inner Flame
 16390 | Lair:2   | Found a staircase to the Snake Pit.
 16861 | Lair:2   | Noticed an eight-headed hydra
 16871 | Lair:2   | Killed an eight-headed hydra
 17033 | Lair:2   | Found a staircase to the Swamp.
 18074 | Lair:3   | Reached skill level 10 in Spellcasting
 19116 | Lair:3   | Noticed a boulder beetle
 19130 | Lair:3   | Killed a boulder beetle
 19178 | Lair:3   | Found a runed translucent door.
 19436 | Lair:3   | Reached skill level 10 in Fighting
 19889 | Lair:4   | Found a viscous altar of Jiyva.
 19889 | Lair:4   | Found a staircase to the Slime Pits.
 19921 | Lair:4   | Got the Monograph on the Foul Grave
 19966 | Lair:4   | Reached XP level 13. HP: 39/104 MP: 25/28
 21948 | Lair:5   | Entered Level 5 of the Lair of Beasts
 23639 | Lair:5   | Reached XP level 14. HP: 109/118 MP: 21/29
 23787 | Lair:5   | Reached ****** piety under Makhleb
 24907 | Lair:5   | Found a corrupted altar of Lugonu.
 24907 | Lair:5   | Found a one-way gate to the infinite horrors of the Abyss.
 25946 | D:11     | Killed Lodul
 26654 | D:8      | Killed kd29's ghost
 26681 | D:8      | Got the Compendium of Silt
 26685 | D:8      | Learned a level 2 spell: Passwall
 26799 | D:12     | Noticed Astroef's ghost (journeyman DsFi)
 27065 | D:12     | Found a runed translucent door.
 27281 | D:12     | Reached skill level 1 in Throwing
 27582 | D:12     | Noticed Sonja
 27586 | Abyss:1  | Cast into level 1 of the Abyss (Sonja)
 27592 | Abyss:1  | Learned a level 4 spell: Dispel Undead
 27690 | Abyss:1  | Noticed a cacodemon
 27712 | Abyss:1  | Noticed a tentacled starspawn
 27734 | Abyss:1  | Found a corrupted altar of Lugonu.
 27904 | Abyss:1  | Noticed an ophan
 27923 | Abyss:1  | Killed an ophan
 28511 | Abyss:1  | Noticed a bone dragon
 28529 | Abyss:1  | Killed a bone dragon
 28530 | Abyss:1  | Reached skill level 5 in Stealth
 28816 | Abyss:1  | Noticed a tentacled starspawn
 28921 | Abyss:1  | Noticed a starcursed mass
 28974 | Abyss:1  | Reached XP level 15. HP: 116/123 MP: 32/32
 28979 | Abyss:1  | Learned a level 4 spell: Cause Fear
 29218 | Abyss:1  | Slain by a sun demon

Illustrated notes

Levels and vault maps discovered:
D:1:      spicycebolla_arrival_xxxplode, layout_rooms,
          hellmonk_ecumenical_altar_leap_of_faith, minmay_heptomino_w4
D:2:      layout_basic, minmay_box_of_dots
D:3:      layout_basic, grunt_dithmenos_smoke, kennysheep_generic_room_10
D:4:      layout_loops_cross, makhleb_altar_promises_db, lemuel_doored_altar,
          uniq_robin
D:5:      layout_rooms, kb_lookout_dungeons_type, supply_closet_lemuel,
          kennysheep_nub, minivault_27, minmay_door_square
D:6:      layout_cave_pools, chequers_temple_overflow_minitemple,
          gup_sewer_entry_pipe, nicolae_figureground_pulse, uniq_duvessa
D:7:      layout_gridville, minmay_temple_entry_statues, serial_shops,
          nicolae_shop_behind_doors, minivault_19
D:8:      layout_rooms, hellmonk_ghost_big_iron
D:9:      layout_layer_cave, mainiacjoe_overflow_24_doors, uniq_erica
D:10:     layout_rooms, lightli_bailey_entry_fortress, uniq_maggie
D:11:     layout_rooms, minmay_lair_entry_grove, nicolae_elyvilon_temple_path,
          uniq_lodul
D:12:     minmay_bloctagon_deflated, layout_cave_pools,
          minmay_orc_entry_temple_small, hellmonk_ghost_happy_afterlife,
          uniq_sonja
Lair:1:   layout_misc_corridors, serial_forest, infiniplex_forest_straight_1,
          infiniplex_forest_clump_curved, infiniplex_forest_diagonal,
          infiniplex_forest_end_1, infiniplex_forest_lined_corner,
          infiniplex_forest_clump_small, infiniplex_forest_clump_long,
          infiniplex_forest_join, uniq_fannar
Lair:2:   layout_small_grid, swamp_mist, guppyfry_snake_entry_garden
Lair:3:   gammafunk_lair_enchanted_lake, layout_regular_city,
          grunt_megastairs_3, infiniplex_staircase_pool
Lair:4:   layout_small_grid, minmay_slime_entry_pillars
Lair:5:   hellmonk_lair_end_abyssal_woods, layout_big_grid,
          gammafunk_lair_bear_cave, infiniplex_staircase_pool_2
Abyss:1:  base: D:3, spicy_abyss_planar_alliance, spicy_abyss_planar_alliance,
          evilmike_abyss_exit_1

Skill      XL: |  1  2  3  4  5  6  7  8  9 10 11 12 13 14 15 |
---------------+----------------------------------------------+-----
Fighting       | 1 2 3 4 5 8 9 10 13 | 13.0
Ice Magic      | 4 5 6 |  6.0
Spellcasting   | 4 5 6 7 11 13 | 13.5
Invocations    | 4 6 8 10 11 | 11.1
Short Blades   | 2 3 |  3.0
Shields        | 3 |  3.0
Dodging        | 4 6 9 |  9.0
Evocations     | 5 |  5.0
Long Blades    | 3 6 7 8 |  8.7
Stealth        | 4 5 6 |  6.0
Throwing       | 3 |  3.0

Action                   |  1- 3 |  4- 6 |  7- 9 | 10-12 | 13-15 || total
-------------------------+-------+-------+-------+-------+-------++-------
Melee: Short sword       |    24 |    32 |   233 |    73 |       ||   362
       Punch             |     1 |       |       |     1 |       ||     2
       Great sword       |       |       |       |   121 |   339 ||   460
       Staff             |       |       |       |    81 |       ||    81
Throw: Dart              |       |     9 |     4 |     8 |     9 ||    30
       Throwing net      |       |     1 |       |       |       ||     1
       Stone             |       |       |     4 |       |       ||     4
 Cast: Freeze            |    54 |    50 |    17 |    14 |     5 ||   140
       Frozen Ramparts   |     3 |    17 |    24 |    42 |    14 ||   100
       Ozocubu's Armour  |       |     3 |     9 |    13 |     3 ||    28
       Hailstorm         |       |       |    17 |    63 |    96 ||   176
       Inner Flame       |       |       |       |     1 |     1 ||     2
       Passwall          |       |       |       |       |     3 ||     3
Invok: Minor Destruction |       |       |     3 |     4 |       ||     7
       Lesser Servant of |       |       |     1 |    10 |    12 ||    23
       Greater Servant o |       |       |       |     1 |     3 ||     4
Evoke: Wand              |       |       |     1 |     4 |    16 ||    21
       Lightning rod     |       |       |       |       |     5 ||     5
       Phial of floods   |       |       |       |       |     1 ||     1
  Use: Scroll            |     5 |     7 |     8 |     8 |    10 ||    38
       Potion            |       |     5 |     2 |     2 |     8 ||    17
 Stab: Sleeping          |     1 |     4 |     1 |     4 |     1 ||    11
       Distracted        |       |       |     1 |     5 |     3 ||     9
Armor: Robe              |    25 |    19 |    41 |    60 |    99 ||   244
Dodge: Dodged            |    43 |    33 |    92 |   194 |   301 ||   663
Block: Buckler           |       |    37 |    98 |    26 |       ||   161
       Other             |       |     2 |       |    42 |    81 ||   125

Table legend: (Time is in decaauts)
 A = Elapsed time spent in this place.
 B = Non-inter-level travel time spent in this place.
 C = Inter-level travel time spent in this place.
 D = Time resting spent in this place.
 E = Time spent auto-exploring this place.
 F = Levels seen in this place.
 G = Mean time per level.
                   A        B        C        D        E       F      G
               +--------+--------+--------+--------+--------+-----+--------+
         Total |  29665 |  28417 |   1248 |   4361 |  18580 |  20 | 1483.2 |
       Dungeon |  14363 |  13394 |    969 |   1875 |   8916 |  12 | 1196.9 |
          Lair |  12146 |  11867 |    279 |   2185 |   7943 |   5 | 2429.2 |
         Abyss |   1647 |   1647 |      0 |    227 |    894 |   1 | 1647.0 |
         Sewer |    978 |    978 |      0 |     63 |    575 |   1 |  978.0 |
        Bailey |    529 |    529 |      0 |     11 |    250 |   1 |  529.0 |
               +--------+--------+--------+--------+--------+-----+--------+

Top non-repeatable levels by time:
  Lair:5: 3295 daAuts
  Lair:3: 3220 daAuts
     D:3: 2323 daAuts
  Lair:2: 2182 daAuts
     D:9: 1898 daAuts
    D:11: 1803 daAuts
  Lair:4: 1783 daAuts
  Lair:1: 1665 daAuts
 Abyss:1: 1647 daAuts
     D:7: 1488 daAuts
     D:2: 1378 daAuts
     D:4: 1152 daAuts
     D:6: 1143 daAuts
     D:8: 1098 daAuts
   Sewer: 978 daAuts
